AoeStats
← Jack=Cat

Arabia

509740252Analyzed
1v1 RM · 5d ago on Sep 27, 2026· 43m 3s· 2 players
Game mode
Random Map
Map size
Tiny (2 player)
Population
200
Speed
Normal
Resources
Standard
Victory
Conquest
Starting age
Dark Age
Ending age
Imperial Age
RankedLock teamsTeams togetherTeam positionsShared explorationLock speedFull tech treeHidden civsTurbo modeCheats
Victory
Defeat
🇺🇸 Danes · United States
1613
+12
🇲🇽 Franks · Mexico
1529
-12
HK | Foko_89
6:05 Loom
8:59 Feudal Age
9:47 Double-Bit Axe
14:57 Fletching
16:38 Padded Archer Armor
20:59 Forging
22:55 Castle Age
22:10 Scale Barding Armor
23:00 Light Cavalry
24:04 Chain Barding Armor
23:09 Elite Skirmisher
24:15 Bodkin Arrow
24:23 Husbandry
24:51 Town Watch
25:18 Bow Saw
30:17 Leather Archer Armor
29:34 Crossbowman
36:40 Ballistics
37:06 Ordonnance Companies
39:28 Wheelbarrow
40:51 Iron Casting
44:04 Imperial Age
42:12 Wheelbarrow
42:44 Ballistics
Jack=Cat
6:34 Loom
9:18 Feudal Age
10:00 Double-Bit Axe
15:40 Fletching
23:03 Castle Age
22:29 Gold Mining
23:07 Scale Mail Armor
23:19 Forging
23:40 Bodkin Arrow
23:09 Crossbowman
23:46 Bodkin Arrow
24:03 Bow Saw
25:15 Forging
26:33 Horse Collar
28:28 Chain Mail Armor
28:29 Squires
28:30 Arson
30:55 Iron Casting
35:18 Wheelbarrow
35:18 Light Cavalry
36:12 Bloodlines
36:03 Husbandry
41:12 Imperial Age
38:29 Town Watch
40:45 Hand Cart
41:22 Elite Jomsviking
43:07 Plate Mail Armor
42:45 Heavy Plow
Connection lost

Rejoining the realm…

Still unreachable

The connection could not be restored.

Session expired

The server has moved on; the page needs a fresh start.